Map: Site Delta LE

Players

xBenx

  • Race: Zerg Zerg
  • League: Gold
  • Spawn Location: 5:00

llllllllllll - Winner!

  • Race: Zerg Zerg
  • League: Diamond
  • Spawn Location: 11:00

VOD

Have the link to the VOD?

Description

xBenx vs ||||||||||

Time

  • Played on: April 3, 2024, 10:14 p.m.
  • Length: 11:57
Show
View Real Time Build Order
Export as new Build Order

xBenx Zerg 

Build Orders: Pool First 

Get SALT Encoding   

  12  0:02  Drone  
  13  0:13  Overlord  
  13  0:21  Drone  
  14  0:43  Drone  
  14  0:46  Spawning Pool  
  14  0:47  Drone, Extractor  
  14  0:50  Drone  
  15  1:09  Drone  
  16  1:18  Drone  
  17  1:22  Drone  
  18  1:30  Hatchery  
  17  1:33  Drone  
  18  1:42  Drone  
  19  1:48  Overlord  
  21  2:04  Extractor  
  21  2:06  Zergling x2  
  21  2:11  Drone  
  22  2:15  Metabolic Boost  
  22  2:20  Queen  
  22  2:30  Drone  
  22  2:32  Overlord  
  23  2:44  Drone  
  23  2:45  Drone  
  23  2:48  Queen  
  27  3:02  Queen  
  28  3:06  Roach Warren  
  28  3:07  Drone  
  28  3:08  Drone x2, Extractor  
  29  3:13  Drone  
  30  3:23  Queen  
  32  3:30  Spine Crawler  
  31  3:35  Drone x2, Spore Crawler  
  31  3:40  Zergling x2  
  33  3:46  Lair  
  33  3:53  Overlord  
  33  3:59  Drone  
  33  4:02  Spore Crawler  
  33  4:14  Roach x4  
  41  4:38  Evolution Chamber  
  41  4:43  Drone x4  
  44  4:47  Hatchery  
  44  4:49  Glial Reconstitution  
  43  4:53  Hydralisk Den  
  43  4:59  Drone x2  
  44  5:00  Extractor  
  42  5:19  Drone  
  42  5:20  Overlord x2  
  43  5:25  Spore Crawler  
  43  5:27  Drone  
  43  5:31  Spore Crawler  
  43  5:34  Overlord x2  
  42  5:41  Hydralisk x2  
  46  5:55  Zergling x10  
  51  6:08  Grooved Spines  
  51  6:10  Tunneling Claws  
  51  6:12  Burrow  
  51  6:14  Drone  
  51  6:15  Drone  
  53  6:25  Spine Crawler  
  53  6:28  Spine Crawler  
  51  6:36  Pneumatized Carapace  
  51  6:46  Spine Crawler  
  50  6:47  Drone  
  50  6:49  Spore Crawler  
  50  6:58  Muscular Augments  
  50  7:05  Zergling x2, Hydralisk, Roach  
  55  7:14  Drone x3  
  58  7:22  Zerg Missile Weapons Level 1  
  58  7:37  Zergling x4, Hydralisk  
  58  7:38  Zergling x2, Roach  
  65  7:46  Drone x2  
  67  7:52  Drone x3  
  67  7:54  Zergling x2  
  67  7:55  Zergling x2  
  72  8:24  Overlord x2  
  72  8:25  Overlord x2  
  67  8:50  Zergling x8, Hydralisk x4, Roach  
  67  8:51  Roach x3  
  82  9:14  Queen  
  84  9:29  Drone x2, Lurker Den  
  85  9:33  Infestation Pit, Zerg Ground Armor Level 1  
  84  9:39  Evolution Chamber  
  84  9:41  Spine Crawler  
  84  9:44  Spore Crawler  
  81  9:46  Spore Crawler  
  81  9:47  Drone x3  
  81  9:48  Drone x4  
  81  9:49  Extractor  
  86  10:02  Overseer x2  
  86  10:12  Hydralisk  
  86  10:13  Zergling x4, Roach  
  92  10:25  Overseer  
  92  10:36  Hatchery  
  91  10:56  Drone  
  91  10:57  Overlord x3  
  91  10:58  Overlord  
Show
View Real Time Build Order
Export as new Build Order

llllllllllll Zerg - Winner!

Build Orders: Hatch First, Lurkers, Roach Hydra 

Get SALT Encoding   

  12  0:00  Drone  
  13  0:12  Overlord  
  13  0:18  Drone  
  14  0:32  Drone x2  
  14  0:34  Drone  
  17  0:51  Hatchery  
  17  0:55  Extractor  
  15  1:07  Spawning Pool  
  15  1:09  Drone  
  15  1:13  Drone  
  16  1:20  Drone x2  
  18  1:31  Drone  
  19  1:44  Drone  
  20  1:54  Queen  
  20  1:57  Metabolic Boost  
  22  2:02  Overlord  
  22  2:06  Queen  
  22  2:08  Zergling x2  
  25  2:09  Zergling x2  
  26  2:22  Baneling Nest  
  26  2:23  Drone x2  
  26  2:24  Drone  
  28  2:33  Queen  
  30  2:41  Overlord  
  30  2:47  Drone x2  
  30  2:50  Drone  
  33  2:53  Drone  
  34  3:02  Drone x4  
  34  3:04  Drone  
  39  3:10  Overlord  
  39  3:15  Overlord  
  39  3:16  Drone  
  40  3:24  Overlord  
  40  3:27  Lair  
  40  3:30  Drone  
  40  3:31  Drone  
  40  3:33  Baneling  
  40  3:34  Baneling x2  
  42  3:38  Drone x2  
  42  3:39  Drone  
  45  3:43  Drone  
  45  3:47  Drone x2  
  45  3:48  Extractor  
  47  3:57  Extractor, Roach Warren, Drone x3  
  47  3:59  Extractor  
  47  4:09  Drone x3  
  50  4:10  Drone  
  50  4:16  Drone x2  
  53  4:18  Drone x2  
  55  4:29  Drone  
  56  4:32  Overlord  
  56  4:34  Evolution Chamber  
  55  4:39  Overseer  
  55  4:42  Overlord  
  55  4:46  Evolution Chamber  
  55  4:48  Roach x4  
  55  4:49  Glial Reconstitution  
  62  4:55  Spore Crawler  
  62  4:56  Drone  
  62  4:58  Spore Crawler  
  61  5:06  Zerg Missile Weapons Level 1  
  61  5:10  Hatchery  
  60  5:17  Zerg Ground Armor Level 1  
  60  5:24  Roach x8  
  76  5:31  Overlord x2  
  76  5:38  Overlord  
  76  5:39  Overlord  
  76  5:53  Drone  
  76  5:54  Drone x3  
  80  5:58  Overseer  
  80  6:02  Overseer  
  80  6:09  Overlord x2  
  80  6:10  Roach x6  
  92  6:14  Ravager x4  
  96  6:27  Queen  
  96  6:31  Baneling  
  98  6:35  Drone x12  
  110  6:51  Roach  
  110  6:52  Roach x2  
  116  7:03  Extractor  
  116  7:04  Extractor  
  116  7:05  Drone  
  116  7:06  Hydralisk Den  
  116  7:07  Drone x2  
  116  7:08  Drone  
  116  7:09  Drone x2  
  116  7:10  Drone x2  
  116  7:11  Drone, Overlord  
  116  7:12  Overlord  
  122  7:24  Overlord x3  
  121  7:38  Drone x2, Hydralisk Den  
  121  7:39  Infestation Pit  
  121  7:43  Drone x3, Spore Crawler, Spine Crawler  
  121  7:44  Drone, Spine Crawler  
  123  7:45  Overlord  
  123  7:49  Grooved Spines  
  123  7:55  Drone  
  124  8:02  Hydralisk  
  124  8:03  Hydralisk x10  
  146  8:07  Lurker Den  
  145  8:14  Overlord  
  145  8:15  Overlord  
  145  8:39  Muscular Augments  
  145  8:42  Hive  
  145  8:43  Zerg Missile Weapons Level 2, Zerg Ground Armor Level 2  
  145  8:50  Extractor, Overlord x2, Hatchery  
  145  8:53  Extractor  
  145  8:54  Ravager  
  143  8:59  Spore Crawler, Spine Crawler x2  
  143  9:02  Zergling x4  
  141  9:06  Overlord  
  141  9:21  Drone  
  141  9:22  Drone  
  143  9:42  Drone x6  
  143  9:43  Drone  
  143  9:45  Hydralisk x8  
  152  9:48  Spore Crawler  
  152  9:49  Overseer x2  
  152  9:51  Neural Parasite  
  165  9:55  Overseer  
  165  10:05  Seismic Spines  
  165  10:06  Adrenal Glands  
  165  10:08  Pneumatized Carapace  
  165  10:09  Viper x2, Burrow  
  165  10:12  Overseer  
  165  10:13  Overseer  
  171  10:23  Drone  
  171  10:24  Drone x6  
  171  10:25  Extractor  
  171  10:26  Hatchery  
  176  10:29  Extractor  
  176  10:32  Lurker x3  
  176  10:33  Lurker  
  179  10:45  Baneling x3  
  179  10:46  Baneling  
  179  11:03  Viper x2  
Tags
 
Add a new tag
Caveats
  • Supply blocks, unpowered buildings, or Contaminate may cause inaccurate times.
  • Supply counts are checked every 10 seconds.